 Dungeon Crawl Stone Soup version 0.17.1-2-g5865329 (webtiles) character file.

7877 NobbyNobbs the Nimble (level 11, -8/69 HPs)
             Began as a Gargoyle Fighter on Feb 1, 2016.
             Was a Priest of Okawaru.
             Killed by divine providence
             ... invoked by an orc priest
              (11 damage)
             ... on level 2 of the Orcish Mines.
             The game lasted 00:19:34 (11526 turns).

NobbyNobbs the Nimble (Gargoyle Fighter)           Turns: 11526, Time: 00:19:34

Health: -8/69      AC: 19    Str: 22    XL:     11   Next: 22%
Magic:  0/11       EV: 12    Int: 10    God:    Okawaru [***...]
Gold:   917        SH: 11    Dex:  9    Spells: 0 memorised, 10 levels left

rFire  . . .     SeeInvis .     C - +0 trident (venom)
rCold  . . .     Clarity  .     b - +0 scale mail
rNeg   + . .     SustAt   .     c - +0 shield
rPois  ∞         Gourm    .     x - +0 helmet
rElec  +         Spirit   +     l - +0 cloak
rCorr  .         Warding  .     (no gloves)
rMut   .         Stasis   .     t - +0 pair of boots (curse)
MR     .....                    U - amulet of guardian spirit
Stlth  ..........               (no ring)
                                (no ring)

@: not resistant to hostile enchantments, extremely unstealthy
A: negative energy resistance 1, electricity resistance, unbreathing,
petrification resistance, rot immunity, AC +7
a: Heroism, Renounce Religion


You were on level 2 of the Orcish Mines.
You worshipped Okawaru.
Okawaru was most pleased with you.
You were not hungry.

You visited 3 branches of the dungeon, and saw 12 of its levels.
You visited the Abyss 1 time.

You collected 917 gold pieces.

Inventory:

Hand Weapons
 a - a +0 flail
 w - a +0 spear of piercing
 C - a +0 trident of venom (weapon)
Armour
 b - a +0 scale mail (worn)
 c - a +0 shield (worn)
 l - a +0 cloak (worn)
 t - a cursed +0 pair of boots (worn)
 x - a +0 helmet (worn)
Jewellery
 U - an amulet of guardian spirit (around neck)
 X - a cursed amulet of inaccuracy {unknown}
Wands
 J - a wand of confusion (22)
 K - a wand of slowing (33)
 O - a wand of confusion (28)
 P - a wand of flame (26)
 S - a wand of hasting (4)
Scrolls
 f - a scroll of enchant weapon {unknown}
 g - 2 scrolls of fear {unknown}
 h - 2 scrolls of enchant armour {unknown}
 j - a scroll of random uselessness {unknown}
 k - 3 scrolls of noise {unknown}
 r - a scroll of remove curse {unknown}
 u - 8 scrolls of identify
 v - 3 scrolls of fog {unknown}
 y - 2 scrolls of immolation {unknown}
 z - 4 scrolls of teleportation {unknown}
 G - a scroll of recharging {unknown}
 I - 2 scrolls of magic mapping {unknown}
 T - a scroll of blinking {unknown}
 W - a scroll of brand weapon {unknown}
Potions
 d - 3 potions of might
 i - 2 potions of mutation
 m - a potion of resistance
 n - a potion of brilliance
 p - 7 potions of haste
 q - a potion of lignification
 F - a potion of agility {unknown}
 L - 2 potions of poison {unknown}
 N - a potion of flight {unknown}
 R - a potion of berserk rage {unknown}
 Y - a potion of cure mutation {unknown}
Books
 B - a book of Summonings

   Spells                             Type                      Level
   a - Recall                         Summoning/Translocation      3
   b - Aura of Abjuration             Summoning                    5
   c - Shadow Creatures               Summoning                    5
   d - Summon Demon                   Summoning                    5
   e - Summon Forest                  Summoning/Translocation      5
   f - Summon Mana Viper              Hexes/Summoning              5
 D - a book of Frost

   Spells                             Type                      Level
   a - Freeze                         Ice                          1
   b - Throw Frost                    Conjuration/Ice              2
   c - Ozocubu's Armour               Charms/Ice                   3
   d - Throw Icicle                   Conjuration/Ice              4
   e - Summon Ice Beast               Ice/Summoning                4
   f - Condensation Shield            Ice                          4
 E - a book of Fire

   Spells                             Type                      Level
   a - Ignite Poison                  Fire/Transmutation/Poison    3
   b - Fireball                       Conjuration/Fire             5
   c - Bolt of Fire                   Conjuration/Fire             6
   d - Delayed Fireball               Conjuration/Fire             7
   e - Ring of Flames                 Charms/Fire                  7
 Q - a book of Enchantments

   Spells                             Type                      Level
   a - Cause Fear                     Hexes                        4
   b - Silence                        Hexes/Air                    5
   c - Deflect Missiles               Charms/Air                   6
   d - Haste                          Charms                       6
   e - Discord                        Hexes                        8
 V - a book of Maledictions

   Spells                             Type                      Level
   a - Corona                         Hexes                        1
   b - Ensorcelled Hibernation        Hexes/Ice                    2
   c - Confuse                        Hexes                        3
   d - Tukima's Dance                 Hexes                        3
   e - Dazzling Spray                 Conjuration/Hexes            3
Comestibles
 e - 10 bread rations
 o - 6 meat rations
 s - 25 fruits
 A - 13 chunks of flesh
 H - 2 slices of pizza
 M - 3 beef jerkies


   Skills:
 * Level 8.7 Fighting
 + Level 2.6 Maces & Flails
 + Level 4.9 Polearms
 + Level 7.2 Armour
 * Level 8.9 Dodging
 + Level 0.5 Stealth
 + Level 8.9 Shields


You had 10 spell levels left.
You didn't know any spells.

Dungeon Overview and Level Annotations

Branches:
Dungeon (9/15)             Temple (1/1) D:6             Orc (2/4) D:9
   Lair: D:8-11

Altars:
Ashenzari
Cheibriados
Dithmenos
Elyvilon
Fedhas
Gozag
Kikubaaqudgha
Makhleb
Nemelex Xobeh
Okawaru
Qazlal
Ru
Sif Muna
Trog
Vehumet
Xom
Yredelemnul
Zin
The Shining One
Beogh

Shops:
Orc:1 !


Innate Abilities, Weirdness & Mutations

You are resistant to torment.
Your stone body is resilient (AC +7).
You are immune to poison.
You resist negative energy.
You are resistant to electric shocks.
You can survive without breathing.
You are immune to petrification.
You are immune to rotting.


Message History

You kill the orc priest!
Okawaru accepts your kill. The orc priest barely misses you.
You hit the orc priest but do no damage.
The orc priest calls down the wrath of Beogh upon you.
Something smites you!
* * * LOW HITPOINT WARNING * * *
You hit the orc priest but do no damage.
The orc priest is poisoned.
The orc priest miscasts a cantrip.
You hit the orc priest but do no damage.
The orc priest hits you but does no damage.
You hit the orc priest.
The orc priest is moderately wounded.
The orc priest looks braver for a moment.
You hit the orc priest.
The orc priest looks even sicker.
The orc priest is heavily wounded.
The orc priest invokes the aid of Beogh against you.
Something smites you!
You die...

##..... .... #. #.....
...... ... ##.#..
#......# ###... ###..
#.......###.#..... ###
#......#>#......... #
................... #
........o)....... .
#.....@).....# ...
###.........## .
....##..........## #..
.......[))..)))..#....
.......))...)<>.......
...........#)#).......
##........####........
#....##.## ##....##.
####. ### ....#


You could see an orc priest.

Vanquished Creatures
  Erolcha (D:8)
  2 orc knights
  A cyclops (Orc:2)
  Prince Ribbit (D:6)
  A spriggan (D:7)
  4 yaks
  2 wargs
  2 phantoms
  11 orc warriors
  A sky beast (D:8)
  An ice beast (D:5)
  A wasp (D:9)
  A black bear (D:9)
  4 ogres
  A necrophage (D:9)
  A centaur (D:5)
  A big kobold (D:9)
  Blork the orc (D:6)
  3 giant frogs
  3 jellies
  3 scorpions
  A wyvern skeleton (D:6)
  3 vampire bats (D:4)
  A giant frog skeleton (D:8)
  4 crimson imps
  Crazy Yiuf (D:6)
  15 orc priests
  2 quasits
  3 centaur skeletons
  3 hounds
  4 iguanas
  Terence (D:2)
  9 worker ants
  13 orc wizards
  Robin (D:2)
  5 adders
  6 gnolls
  A shadow imp (D:5)
  An ooze (D:7)
  2 worms (D:3)
  An adder skeleton (D:5)
  2 giant geckos (D:2)
  129 orcs
  6 bats
  2 bat skeletons (D:4)
  3 bat zombies (D:4)
  7 goblins
  15 hobgoblins
  13 jackals
  6 kobolds
  3 ball pythons
  4 giant cockroaches
  5 giant newts
  5 quokkas
  A quokka zombie (D:6)
  3 rats
327 creatures vanquished.

Vanquished Creatures (others)
  5 starspawn tentacles (Abyss:1)
  176 starspawn tentacle segments (Abyss:1)
181 creatures vanquished.

Grand Total: 508 creatures vanquished

Notes
Turn   | Place    | Note
--------------------------------------------------------------
     0 | D:1      | NobbyNobbs the Gargoyle Fighter began the quest for the Orb.
     0 | D:1      | Reached XP level 1. HP: 14/14 MP: 1/1
   167 | D:1      | Reached XP level 2. HP: 19/19 MP: 2/2
   829 | D:2      | Reached XP level 3. HP: 24/24 MP: 3/3
   917 | D:2      | Noticed Terence
   926 | D:2      | Killed Terence
   926 | D:2      | Reached skill level 1 in Dodging
   926 | D:2      | Reached XP level 4. HP: 25/29 MP: 4/4
   978 | D:2      | Reached skill level 4 in Fighting
  1091 | D:2      | Noticed Robin
  1105 | D:2      | Killed Robin
  1480 | D:2      | Reached XP level 5. HP: 30/33 MP: 5/5
  1520 | D:3      | Found a shattered altar of Ashenzari.
  2254 | D:3      | Reached XP level 6. HP: 22/39 MP: 6/6
  2879 | D:4      | Reached skill level 1 in Polearms
  3237 | D:3      | Reached XP level 7. HP: 18/44 MP: 7/7
  3562 | D:4      | Reached skill level 5 in Shields
  3979 | D:4      | Found an ancient bone altar of Kikubaaqudgha.
  4011 | D:4      | Reached skill level 5 in Fighting
  4022 | D:4      | Reached XP level 8. HP: 49/49 MP: 8/8
  4355 | D:5      | Entered Level 5 of the Dungeon
  4682 | D:5      | Reached skill level 5 in Dodging
  5088 | D:6      | Found a staircase to the Ecumenical Temple.
  5196 | D:6      | Noticed Blork the orc
  5212 | D:6      | Reached skill level 6 in Shields
  5245 | D:5      | Reached XP level 9. HP: 24/55 MP: 9/9
  5479 | D:6      | Killed Blork the orc
  5504 | D:6      | Reached skill level 5 in Armour
  5545 | D:6      | Noticed Prince Ribbit
  5564 | D:6      | Killed Prince Ribbit
  5805 | D:6      | Found a burning altar of Makhleb.
  5805 | D:6      | Found a glowing silver altar of Zin.
  5806 | D:6      | Noticed an angel
  5806 | D:6      | Noticed a blizzard demon
  6005 | D:6      | Noticed Crazy Yiuf
  6014 | D:6      | Killed Crazy Yiuf
  6501 | D:7      | Reached skill level 7 in Fighting
  6877 | Temple   | Entered the Ecumenical Temple
  6935 | Temple   | Became a worshipper of Warmaster Okawaru
  7154 | D:8      | Reached XP level 10. HP: 23/63 MP: 7/10
  7475 | D:8      | Noticed Erolcha
  7479 | D:8      | Cast into the Abyss (Erolcha)
  7479 | Abyss:1  | Found a corrupted altar of Lugonu.
  7566 | Abyss:1  | Noticed a large abomination
  7569 | Abyss:1  | Noticed a smoke demon
  7580 | Abyss:1  | Noticed a bone dragon
  7598 | Abyss:1  | Noticed a tentacled starspawn
  7607 | Abyss:1  | Noticed a balrug
  7610 | Abyss:1  | Noticed a sun demon
  7643 | Abyss:2  | Found a corrupted altar of Lugonu.
  7653 | Abyss:2  | Noticed an apocalypse crab
  7675 | D:8      | Escaped the Abyss
  7685 | D:8      | Killed Erolcha
  7830 | D:8      | You fall through a shaft!
  7982 | D:9      | Reached * piety under Okawaru
  8043 | D:8      | Reached skill level 8 in Fighting
  8248 | D:8      | Found a snail-covered altar of Cheibriados.
  8248 | D:8      | Found an opulent altar of Gozag.
  8256 | D:8      | Found a stormy altar of Qazlal.
  8501 | D:9      | Found a staircase to the Orcish Mines.
  8920 | Orc:1    | Entered Level 1 of the Orcish Mines
  9157 | Orc:1    | Found Naneasif's Distillery.
  9178 | Orc:1    | Noticed an orc knight
  9207 | Orc:1    | Killed an orc knight
  9207 | Orc:1    | Reached ** piety under Okawaru
  9936 | Orc:1    | Noticed an orc knight
  9936 | Orc:1    | Found a roughly hewn altar of Beogh.
 10222 | D:9      | HP: 1/65 [orc knight/battleaxe (14)]
 10223 | D:9      | Killed an orc knight
 10223 | D:9      | Reached XP level 11. HP: 8/69 MP: 0/11
 10747 | Orc:2    | Reached *** piety under Okawaru
 11522 | Orc:2    | HP: 2/69 [orc priest/divine providence (7)]
 11526 | Orc:2    | Killed from afar by an orc priest

Action                   |  1- 3 |  4- 6 |  7- 9 | 10-12 || total
-------------------------+-------+-------+-------+-------++-------
Melee: Flail             |    86 |    43 |       |       ||   129
       Spear             |       |    65 |       |       ||    65
       Trident           |       |   221 |   547 |   654 ||  1422
  Use: Scroll            |       |       |     6 |       ||     6
       Potion            |       |       |       |     2 ||     2
  Eat: Chunk             |       |     8 |    10 |    13 ||    31
       Fruit             |       |       |     5 |     3 ||     8
